 Dungeon Crawl Stone Soup version 0.20.0-15-g7f486f2 (webtiles) character file.

1706 minicreteconcrete the Magician (level 8, -1/45 HPs)
             Began as a Deep Elf Fire Elementalist on June 9, 2017.
             Was an Initiate of Vehumet.
             Slain by Duvessa
             ... wielding a +0 short sword
              (19 damage)
             ... on level 6 of the Dungeon.
             The game lasted 00:13:58 (5859 turns).

minicreteconcrete the Magician (DEFE)               Turns: 5859, Time: 00:13:59

Health: -1/45      AC:  3    Str:  5    XL:     8   Next: 73%
Magic:  9/19       EV: 14    Int: 28    God:    Vehumet [......]
Gold:   206        SH:  0    Dex: 15    Spells: 7/20 levels left

rFire    . . .     SeeInvis +   b - +0 hunting sling
rCold    . . .     Gourm    .   (no shield)
rNeg     + . .     Faith    .   x - +1 robe {rN+}
rPois    .         Spirit   .   (no helmet)
rElec    .         Reflect  .   (no cloak)
rCorr    .         Harm     .   (no gloves)
MR       .....                  (no boots)
Stlth    +++.......             (no amulet)
Regen    0.2/turn               z - ring of see invisible
MPRegen  0.2/turn               (no ring)

@: brilliant
A: no striking features
a: Renounce Religion


You were on level 6 of the Dungeon.
You worshipped Vehumet.
Vehumet was noncommittal.
You were not hungry.

You visited 2 branches of the dungeon, and saw 7 of its levels.

You collected 206 gold pieces.

Inventory:

Hand Weapons
 a - a +0 halberd
 b - a +0 hunting sling (weapon)
 m - a +0 dagger of speed
 t - a cursed -1 spear
 J - a +0 blowgun
Missiles
 d - 161 stones (quivered)
 h - 45 arrows
 i - 50 poisoned needles
 q - 6 tomahawks
 s - 36 bolts
 L - 15 sling bullets
Armour
 k - a +1 robe
 x - a +1 robe of positive energy (worn)
Jewellery
 z - a ring of see invisible (left hand)
Wands
 n - a wand of lightning (9/15)
 y - a wand of paralysis (0/24)
 I - a wand of iceblast (12/15)
Scrolls
 f - a scroll of enchant armour
 r - 3 scrolls of teleportation
 A - a scroll of remove curse
 D - a scroll of magic mapping
 E - a scroll of enchant weapon
Potions
 e - 2 potions of flight
 j - a potion of brilliance
 l - 2 potions of magic {unknown}
 o - a potion of heal wounds {unknown}
 w - 2 potions of might {unknown}
 B - 2 potions of degeneration {unknown}
 C - 2 potions of lignification {unknown}
 F - a potion of resistance {unknown}
 G - a potion of mutation {unknown}
 H - a potion of agility {unknown}
 K - a potion of haste {unknown}
Books
 u - a book of Flames

   Spells                             Type                      Level
   a - Flame Tongue                   Conjuration/Fire             1
   b - Throw Flame                    Conjuration/Fire             2
   c - Conjure Flame                  Conjuration/Fire             3
   d - Inner Flame                    Hexes/Fire                   3
   e - Sticky Flame                   Conjuration/Fire             4
   f - Fireball                       Conjuration/Fire             5
Comestibles
 c - 4 bread rations
 g - 5 royal jellies
 v - 5 fruits


   Skills:
 + Level 2.9 Fighting
 + Level 2.5 Polearms
 - Level 3.4 Slings
 + Level 3.4 Dodging
 + Level 6.2 Stealth
 + Level 6.6 Spellcasting
 + Level 4.0 Conjurations
 + Level 5.5 Fire Magic
 + Level 1.0 Evocations


You had 7 spell levels left.
You knew the following spells:

 Your Spells              Type           Power        Failure   Level  Hunger
a - Flame Tongue          Conj/Fire      #####        1%          1    None
b - Conjure Flame         Conj/Fire      ######..     1%          3    None
c - Sticky Flame          Conj/Fire      ######..     1%          4    ###....
d - Fireball              Conj/Fire      ######....   2%          5    #####..


Dungeon Overview and Level Annotations

Branches:
Dungeon (6/15)             Temple (1/1) D:4

Altars:
Cheibriados
Gozag
Hepliaklqana
Kikubaaqudgha
Nemelex Xobeh
Okawaru
Ru
Trog
Uskayaw
Vehumet

Annotations:
D:4 ThePrince's ghost, amateur MiBe
D:6 Duvessa


Message History

Duvessa is heavily wounded.
This wand has 13 charges left.
Evoke which item? (* to show all) (? for menu, Esc to quit)
Aiming: Iceblast
Press: ? - help, Shift-Dir - straight line, f/p - Duvessa
Aim: Duvessa, wielding a short sword and wearing a leather armour (heavily wounded, berserk, fast, unusually strong)
The mass of ice explodes!
The iceblast engulfs Duvessa.
Duvessa is severely wounded.
This wand has 12 charges left.
You hear an angry hiss.
Casting: Fireball
Confirm with . or Enter, or press ? or * to list all spells.
Aiming: Sticky Flame
Press: ? - help, Shift-Dir - straight line, f/p - Duvessa
Aim: Duvessa, wielding a short sword and wearing a leather armour (severely wounded, berserk, fast, unusually strong)
The sticky flame hits Duvessa.
Duvessa is almost dead.
Duvessa is covered in liquid flames!
Duvessa burns!
Duvessa hits you with a short sword!!
You die...

#..###..#............
#.#...#.############.
#.......############.
#####........>.......#.
#..e...#############.#.
#)###### .......... #.#
#######.#. #.#.########
#### #......e@..#
........####### ♣♣
.........# ♣♣♣♣♣♣.
########.# ♣.[.... #.#
[♣♣♣♣♣ #.# ♣ #.# #.#


You could see Duvessa (berserk).

Vanquished Creatures
  Pikel (D:4)
  An ice beast (D:6)
  A slave (D:4)
  2 eyes of draining (D:4)
  3 ogres
  A big kobold (D:6)
  4 scorpions
  Dowan (D:6)
  A water moccasin skeleton (D:4)
  A howler monkey (D:5)
  2 bullfrog zombies (D:5)
  An orc priest (D:5)
  An iguana (D:5)
  2 worker ants (D:4)
  A killer bee zombie (D:6)
  2 gnolls
  An adder (D:2)
  A shadow imp (D:6)
  2 oozes
  An adder skeleton (D:5)
  2 worms
  3 dart slugs
  6 leopard geckos
  5 orcs
  5 bats
  6 giant cockroaches
  8 goblins
  3 hobgoblins
  9 jackals
  A ball python (D:3)
  5 frilled lizards
  9 kobolds
  9 rats
101 creatures vanquished.

Vanquished Creatures (others)
  2 slaves (D:4)
  An adder (D:4)
  A leopard gecko (D:4)
  A quokka skeleton (D:4)
5 creatures vanquished.

Grand Total: 106 creatures vanquished

Notes
Turn   | Place    | Note
-------+----------+-------------------------------------------
     0 | D:1      | minicreteconcrete the Deep Elf Fire Elementalist began the quest for the Orb.
     0 | D:1      | Reached XP level 1. HP: 10/10 MP: 6/6
   161 | D:1      | Reached XP level 2. HP: 15/15 MP: 2/8
   442 | D:1      | Reached XP level 3. HP: 19/19 MP: 10/10
   523 | D:1      | Learned a level 3 spell: Conjure Flame
  1195 | D:2      | Found an ancient bone altar of Kikubaaqudgha.
  1645 | D:2      | Reached XP level 4. HP: 24/24 MP: 12/12
  2416 | D:4      | Noticed a slave
  2416 | D:4      | Noticed a slave
  2417 | D:4      | Noticed Pikel
  2419 | D:4      | Noticed a slave
  2438 | D:4      | Killed Pikel
  2438 | D:4      | Reached skill level 1 in Fighting
  2438 | D:4      | Reached skill level 5 in Stealth
  2438 | D:4      | Reached XP level 5. HP: 11/29 MP: 14/14
  2438 | D:4      | Reached XP level 6. HP: 13/34 MP: 15/15
  2438 | D:4      | Reached XP level 7. HP: 15/38 MP: 16/16
  2664 | D:4      | Learned a level 4 spell: Sticky Flame
  2670 | D:4      | Learned a level 5 spell: Fireball
  2875 | D:4      | Reached skill level 1 in Evocations
  2879 | D:4      | Noticed ThePrince's ghost (amateur MiBe)
  3075 | D:4      | Reached skill level 1 in Polearms
  3585 | D:4      | Reached skill level 5 in Spellcasting
  3693 | D:4      | Found a bloodstained altar of Trog.
  3821 | D:4      | Found a staircase to the Ecumenical Temple.
  3885 | D:4      | Reached XP level 8. HP: 34/44 MP: 7/18
  4226 | D:5      | Entered Level 5 of the Dungeon
  4428 | D:5      | Reached skill level 5 in Fire Magic
  5320 | Temple   | Entered the Ecumenical Temple
  5327 | Temple   | Became a worshipper of Vehumet
  5835 | D:6      | Noticed Dowan
  5840 | D:6      | Killed Dowan
  5842 | D:6      | Noticed Duvessa
  5859 | D:6      | Slain by Duvessa

Skill      XL: |  1  2  3  4  5  6  7  8 |
---------------+-------------------------+-----
Spellcasting   | 4 5 6 |  6.6
Fire Magic     | 4 5 |  5.5
Stealth        | 5 6 |  6.2
Fighting       | 1 2 |  2.9
Slings         | 3 |  3.4
Conjurations   | 2 4 |  4.0
Evocations     | 1 |  1.0
Polearms       | 1 2 |  2.5
Dodging        | 3 |  3.4

Action                   |  1- 3 |  4- 6 |  7- 9 || total
-------------------------+-------+-------+-------++-------
Melee: Halberd           |    12 |       |    22 ||    34
       Dagger            |       |     8 |       ||     8
 Fire: Hunting sling     |     4 |    28 |    91 ||   123
Throw: Stone             |    12 |       |       ||    12
 Cast: Flame Tongue      |    59 |     9 |    78 ||   146
       Sticky Flame      |       |       |    13 ||    13
       Conjure Flame     |       |       |     2 ||     2
Evoke: Wand              |       |     5 |     3 ||     8
  Use: Scroll            |     4 |     5 |     4 ||    13
       Potion            |       |       |     2 ||     2
 Stab: Sleeping          |     6 |       |     1 ||     7
       Paralysed         |       |     8 |       ||     8
  Eat: Chunk             |     2 |     2 |    12 ||    16
       Bread ration      |       |       |     1 ||     1
Armor: Robe              |     5 |     2 |     7 ||    14
Dodge: Dodged            |    20 |     4 |    31 ||    55
